[Event "Late-Titled-Tuesday-Blitz-October-10-2023"]
[Site "Chess.com"]
[Date "2023.10.10"]
[Round "11"]
[White "LeninGuerra"]
[Black "Cambek64"]
[Result "0-1"]
[WhiteElo "2588"]
[BlackElo "2429"]
[TimeControl "180+1"]
[EndTime "16:03:12 PDT"]
[Termination "Cambek64 won by checkmate"]

1. e4 e6 2. d4 d5 3. Nd2 Nc6 4. Ngf3 Nf6 5. e5 Nd7 6. Bb5 a6 7. Bxc6 bxc6 8. c4 dxc4 9. Nxc4 c5 10. d5 Nb6 11. Nxb6 cxb6 12. d6 f6 13. O-O Bb7 14. Re1 Kf7 15. a4 Bd5 16. Ra3 fxe5 17. Nxe5+ Kg8 18. Rd3 Qxd6 19. Nc4 Qc6 20. Nxb6 Rd8 21. Bg5 Rd6 22. a5 h6 23. Bf4 Rd8 24. Qg4 c4 25.
Rg3 h5 26. Qg5 h4 27. Rg4 Re8 28. Be5 Rh7 29. h3 Qb5 30. Bc3 Bc6 31. Qg6 Qf5 32. Qxf5 exf5 33. Rxe8 Bxe8 34. Rxc4 Bb5 35. Rc8 Kf7 36.
Rc7+ Kg6 37. Nd5 Bd6 38. Ra7 Kh6 39. Ne3 g6 40. Rxh7+ Kxh7 41. Bd4 Kh6 42. Nd5 g5 43.
b4 Kg6 44. Bc5 Be5 45. Bb6 Kf7 46. Bc7 Bd4 47. Bb6 Be5 48. Bd8 Kg6 49. Ne7+ Kh5 50. Nxf5 Bd7 51. Ne3 Bd6 52. Bb6 Bxb4 53. Nd5 Bd6 54. Bc7 Bxc7 55. Nxc7 Bc8 56. Kf1 Kg6 57. f3 Kf5 58. Kf2 Ke5 59. Ke3 Kd6 60. Na8 Kc6 61.
Nb6 Be6 62. Na4 Kb5 63. Nc3+ Kxa5 64. Ne4 Kb4 65. Nxg5 Bg8 66. Kd2 a5 67. Kc2 a4 68.
Ne4 a3 69. Nf6 Bc4 70. Nd7 Bf1 71. Ne5 Bxg2 72. Ng6 Bxf3 73. Nxh4 Be4+ 74. Kc1 Kb3 75. Kd2 a2 76. Ke3 Bc2 77. Nf3 a1=Q 78. Nd4+ Kb2 79. Nxc2 Kxc2 80. Kf4 Qg1 81. Kf5 Qg7 82. Ke6 Qh6+ 83.
Ke5 Qxh3 84. Ke4 Qh5 85. Kf4 Qd5 86. Ke3 Qc4 87. Kf3 Qd4 88. Kg3 Qe4 89. Kh3 Qf4 90. Kg2 Qe3 91. Kh2 Qf3 92. Kg1 Qe2 93. Kh1 Kd3 94.
Kg1 Ke4 95. Kh1 Kf3 96. Kg1 Kg3 97. Kh1 Qg2# 0-1

[Event "Late-Titled-Tuesday-Blitz-October-10-2023"]
[Site "Chess.com"]
[Date "2023.10.10"]
[Round "11"]
[White "Arystanner"]
[Black "ExchangeAB"]
[Result "1/2-1/2"]
[WhiteElo "2789"]
[BlackElo "2512"]
[TimeControl "180+1"]
[EndTime "16:03:31 PDT"]
[Termination "Game drawn - insufficient material"]

1. a4 d5 2. e3 e5 3. d4 exd4 4. exd4 Nf6 5. Bd3 Bd6 6. Nf3 Bg4 7. O-O O-O 8. Bg5 Nbd7 9. Nbd2 h6 10. Bh4 c6 11. Bg3 Qc7 12. Re1 Bxg3 13. hxg3 Rfe8 14. a5 a6 15. c3 Kf8 16. Qa4 Bxf3 17. Nxf3 Rxe1+ 18. Rxe1 Re8 19. Qb4+ c5 20. Rxe8+ Kxe8 21. dxc5 Nxc5 22. Bc2 Ne6 23. Ba4+ Kd8 24. Nd4 Nd7 25.
Bxd7 Qxd7 26. Qb6+ Ke8 27. Nf5 Kf8 28. Nd6 Nd8 29.
f3 g6 30. Qc5 Ne6 31. Qb4 Kg8 32. Nxb7 d4 33. cxd4 Nxd4 34. Kf2 Nc2 35. Nc5 Qd1 36. Qc3 Nd4 37. g4 Qe2+ 38. Kg3 Qe5+ 39. Kh3 h5 40.
Nd7 hxg4+ 41. fxg4 Qf4 42. Qg3 Qh6+ 43. Qh4 Qe3+ 44.
g3 Qg1 45. Qd8+ Kh7 46. Nf6+ Kg7 47. Ne8+ Kh7 48. Qa8 Qf1+ 49. Qg2 Qxg2+ 50. Kxg2 Nc6 51. Nc7 Nxa5 52. Nxa6 Nc4 53. b4 Nd6 54. Nc7 Kg7 55. g5 Kf8 56. b5 Ke7 57. b6 Kd7 58. Kf3 Kc6 59. Kf4 Kxb6 60. Nd5+ Kc5 61. Ne7 Kd4 62.
g4 Nc4 63. Nc6+ Kd5 64. Nd8 Nd6 65. Kg3 Ke4 66. Nc6 Ke3 67. Ne5 Ke4 68. Nf3 Ke3 69. Ne1 Ke4 70. Nc2 Kd3 71. Nb4+ Ke4 72. Nc6 Ke3 73. Ne7 Ke4 74. Ng8 Ke5 75. Kf3 Ne4 76. Ke3 Nxg5 77. Ne7 Ne6 78. Nc6+ Kd6 79. Nb4 f6 80.
Ke4 Ng5+ 81. Kf4 Ke6 82. Na6 Nf7 83. Nc7+ Kd7 84. Nd5 Ke6 85. Nc7+ Kd6 86. Nb5+ Ke7 87. Ke4 Nd8 88. Kd5 Kf7 89. Nd6+ Ke7 90. Nc8+ Kd7 91.
Nb6+ Ke8 92. Kd6 Kf7 93. Nc4 Ne6 94. Kd7 Ng5 95. Nd6+ Kg7 96. Ke7 f5 97. Ne8+ Kh6 98. gxf5 gxf5 99. Nd6 f4 100. Kf6 f3 101. Nf5+ Kh5 102. Ke5 Kg4 103. Ne3+ Kg3 104. Nf5+ Kg2 105. Nh4+ Kg3 106. Nxf3 1/2-1/2